 Dungeon Crawl Stone Soup version 0.29.1-15-g9cfb28693d (webtiles) character file.

Game seed: 10368000758261090119

114 devnull the Poker (level 4, -2/33 HPs)
             Began as a Merfolk Gladiator on Apr 2, 2023.
             Killed from afar by Natasha (4 damage)
             ... with a magic dart
             ... on level 3 of the Dungeon.
             The game lasted 00:03:02 (1664 turns).

devnull the Poker (Merfolk Gladiator)               Turns: 1664, Time: 00:03:02

Health: -2/33      AC:  5    Str: 16    XL:     4   Next: 98%
Magic:  4/4        EV: 13    Int:  7    God:
Gold:   130        SH:  0    Dex: 15    Spells: 3/3 levels left

rFire   . . .      SeeInvis .   a - +0 trident
rCold   . . .      Faith    .   (no shield)
rNeg    . . .      Spirit   .   b - +0 leather armour
rPois   .          Reflect  .   c - +0 helmet
rElec   .          Harm     .   (no cloak)
rCorr   .          Rampage  .   (no gloves)
Will    .....                   j - +0 pair of boots
Stlth   +.........              (no amulet)
HPRegen 0.11/turn               (no ring)
MPRegen 0.09/turn               (no ring)

@: no status effects
A: (nimble swimmer 2), mertail
a: no special abilities


You were on level 3 of the Dungeon.
You visited 1 branch of the dungeon, and saw 3 of its levels.

You collected 130 gold pieces.

Inventory:

Hand Weapons
 a - a +0 trident (weapon)
Missiles
 d - 2 throwing nets (quivered)
 e - 3 javelins
Armour
 b - a +0 leather armour (worn)
 c - a +0 helmet (worn)
 j - a +0 pair of boots (worn)
Scrolls
 h - a scroll of magic mapping
 k - 2 scrolls of teleportation
 l - a scroll of immolation
 n - a scroll of fog
Potions
 f - a potion of attraction {unknown}
 g - a potion of haste {unknown}
 i - 3 potions of degeneration {unknown}
 m - a potion of brilliance {unknown}


   Skills:
 - Level 2.1 Fighting
 + Level 7.3 Polearms
 - Level 2.0 Throwing
 - Level 4.0 Dodging


You had 3 spell levels left.
You didn't know any spells.
Your spell library contained the following spells:

 Spells                   Type           Power      Damage    Failure   Level
 Beastly Appendage        Tmut           0%         N/A       50%         1
 Freeze                   Ice            0%         1d3       50%         1
 Wereblood                Tmut           0%         N/A       65%         2
 Frozen Ramparts          Ice            0%         1d1       86%         3
 Gell's Gravitas          Tloc           0%         N/A       86%         3
 Spider Form              Tmut/Pois      0%         N/A       86%         3
 Teleport Other           Tloc           0%         N/A       86%         3
 Hailstorm                Conj/Ice       0%         3d3       99%         4
 Summon Lightning Spire   Summ/Air       0%         N/A       99%         4
 Dispersal                Tloc           0%         N/A       100%        6
 Storm Form               Tmut/Air       0%         N/A       100%        7
 Maxwell's Capacitive Co  Air            0%         ∞         100%        8


Dungeon Overview and Level Annotations

Branches:
Dungeon (3/15)

Altars:
Trog

Annotations:
D:3 Natasha


Innate Abilities, Weirdness & Mutations

((You are very nimble when in or above water. (Stealth+, EV+, Speed+++)))
Your lower body shifts to a powerful aquatic tail in water.


Message History

You throw a throwing net. The throwing net hits Natasha.
Natasha is caught in the net!
Natasha is heavily wounded.
Natasha struggles against the net.
You barely miss Natasha.
Natasha is heavily wounded.
Natasha casts a spell.
Natasha struggles against the net.
You barely miss Natasha.
Natasha is heavily wounded.
You barely miss Natasha.
Natasha is heavily wounded.
Natasha struggles against the net.
You strike the helpless Natasha from behind!
You hit Natasha.
Natasha is severely wounded.
Natasha mumbles some strange words.
Natasha struggles against the net.
You barely miss Natasha.
Natasha is severely wounded.
The shadow imp hits you.
* * * LOW HITPOINT WARNING * * *
You hit Natasha.
Natasha is almost dead.
The crimson imp barely misses you. The shadow imp barely misses you.
Natasha wildly gestures.
Natasha's front paws start to glow.
Natasha struggles against the net.
You hit Natasha but do no damage.
Natasha is almost dead.
The crimson imp barely misses you. The shadow imp closely misses you.
Natasha struggles against the net.
The net rips apart, and Natasha comes free!
You barely miss Natasha.
Natasha is severely wounded.
The crimson imp hits you.
* * * LOW HITPOINT WARNING * * *
Natasha stares at you and mumbles some strange words.
The magic dart hits you.
You die...

...........#.........
...........#........##..
.........>.............#
#.....................#
##...................##
##.........^..........#.
.†......................
##.#.#.........5........
...#.#..........@h.....<
.###.###.........5......
.# ... #.........(......
.# ._. #................
.#.....#.....#.#........
.#.###.#...#.#.#........
#.....#.#.#......
#.....#.#.#.$....
#...............


You could see Natasha, a crimson imp (summoned) and a shadow imp (summoned).

Vanquished Creatures
  An iguana (D:3)
  Natasha (D:3)
  3 adders
  A worm (D:2)
  A dart slug (D:2)
  A ball python (D:2)
  4 bats
  An endoplasm (D:2)
  2 goblins
  5 hobgoblins
  4 jackals (D:3)
  2 quokkas (D:1)
  2 frilled lizards (D:1)
  4 rats
32 creatures vanquished.

Vanquished Creatures (others)
  A demonic plant (D:1)
1 creature vanquished.

Grand Total: 33 creatures vanquished

Notes
Turn   | Place    | Note
-------+----------+-------------------------------------------
     0 | D:1      | devnull the Merfolk Gladiator began the quest for the Orb.
     0 | D:1      | Reached XP level 1. HP: 16/16 MP: 1/1
   237 | D:1      | Reached XP level 2. HP: 17/22 MP: 2/2
   405 | D:1      | Found a faded altar of an unknown god.
   405 | D:1      | Noticed a neqoxec
   634 | D:2      | Reached skill level 5 in Polearms
   694 | D:2      | Reached XP level 3. HP: 27/27 MP: 3/3
  1033 | D:2      | Reached skill level 6 in Polearms
  1370 | D:3      | Reached XP level 4. HP: 24/33 MP: 4/4
  1455 | D:3      | Found a bloodstained altar of Trog.
  1487 | D:3      | Noticed Natasha
  1545 | D:3      | Killed Natasha
  1546 | D:3      | Reached skill level 7 in Polearms
  1643 | D:3      | Noticed Natasha
  1664 | D:3      | Killed from afar by Natasha

Illustrated notes

Levels and vault maps discovered:
D:1:      dpeg_arrival_tiny_a, layout_rooms,
          dreamdust_ecumenical_altar_sealed_demon, minmay_misc_feat_ornament,
          hangedman_decor_peaks_small
D:2:      layout_rooms
D:3:      layout_rooms, good_gods_mini_temple, trog_wizard, grunt_ministairs_12,
          uniq_sigmund, uniq_natasha

Skill      XL: |  1  2  3  4 |
---------------+-------------+-----
Polearms       | 5 6 7 |  7.3
Fighting       | |  2.1
Throwing       | |  2.0
Dodging        | |  4.0

Action                   |  1- 3 |  4- 6 || total
-------------------------+-------+-------++-------
Melee: Trident           |    88 |    37 ||   125
       Punch             |     1 |     1 ||     2
Throw: Throwing net      |       |     1 ||     1
  Use: Scroll            |     3 |     1 ||     4
 Stab: Sleeping          |     2 |       ||     2
       Held in net/web   |       |     1 ||     1
Armor: Leather armour    |    20 |    15 ||    35
Dodge: Dodged            |    38 |    26 ||    64
